 Dungeon Crawl Stone Soup version 0.31-a0-188-g5e087ee2ca (webtiles) character file.

Game seed: 18124674203965098250

4260 Anon1729 the Fighter (level 10, -2/90 HPs)
             Began as a Minotaur Monk on June 23, 2023.
             Was the Champion of Uskayaw.
             Slain by a wyvern (13 damage)
             ... on level 8 of the Dungeon.
             The game lasted 00:04:15 (6969 turns).

Anon1729 the Fighter (Minotaur Monk)                Turns: 6969, Time: 00:04:15

Health: -2/90      AC: 10    Str: 16    XL:     10   Next: 10%
Magic:  11/13      EV: 11    Int:  7    God:    Uskayaw [******]
Gold:   155        SH:  0    Dex: 17    Spells: 9/9 levels left

rFire   . . .        a - +0 short sword
rCold   . . .        d - orb {light}
rNeg    . . .        e - +0 chain mail
rPois   .            (helmet restricted)
rElec   .            (no cloak)
rCorr   .            (no gloves)
SInv    .            (no boots)
Will    .....        (no amulet) Stlth
                     j - +4 ring of slaying
HPRegen 0.35/turn    (no ring)
MPRegen 0.13/turn

%: no passive effects
@: glowing
A: horns 2, retaliatory headbutt
a: Renounce Religion, Stomp, Line Pass, Grand Finale


You were on level 8 of the Dungeon.
You worshipped Uskayaw.
Uskayaw was noncommittal.
You visited 1 branch of the dungeon, and saw 8 of its levels.
You also visited: Ossuary.

You collected 329 gold pieces.
You spent 174 gold pieces at shops.

Inventory:

Hand Weapons
 a - a +0 short sword (weapon)
Missiles
 B - 3 throwing nets
Armour
 b - a +0 robe
 d - an orb of light (worn)
 e - a +0 chain mail (worn)
Jewellery
 j - a +4 ring of slaying (left hand)
Wands
 p - a wand of polymorph (12)
 C - a wand of roots (11)
 D - a wand of charming (7)
 E - a wand of acid (9)
Scrolls
 f - a scroll of enchant armour {unknown}
 g - 2 scrolls of amnesia
 l - 3 scrolls of poison
 m - 2 scrolls of fog {unknown}
 r - 3 scrolls of noise {unknown}
 s - a scroll of revelation
 t - 3 scrolls of enchant weapon {unknown}
 u - 6 scrolls of teleportation
 x - 2 scrolls of blinking {unknown}
 y - a scroll of identify
 A - 2 scrolls of immolation {unknown}
Potions
 c - a potion of magic {unknown}
 h - 2 potions of lignification
 i - 4 potions of curing {unknown}
 k - 4 potions of might {unknown}
 n - a potion of invisibility {unknown}
 o - 3 potions of attraction {unknown}
 q - a potion of heal wounds {unknown}
 v - 6 potions of degeneration {unknown}
 w - a potion of resistance {unknown}
 z - 2 potions of enlightenment {unknown}


   Skills:
 + Level 8.7 Fighting
 + Level 8.0 Short Blades
 + Level 7.7 Armour
 + Level 7.9 Dodging
 + Level 6.4 Invocations


You had 9 spell levels left.
You didn't know any spells.
Your spell library contained the following spells:

 Spells                   Type           Power      Damage    Failure   Level
 Cigotuvi's Dreadful Rot  Necr/Pois/Air  0%         N/A       99%         2
 Sublimation of Blood     Necr           0%         N/A       99%         2
 Wereblood                Tmut           0%         N/A       99%         2
 Ignite Poison            Fire/Tmut/Pois 0%         N/A       100%        3
 Animate Dead             Necr           0%         N/A       100%        4
 Borgnjor's Vile Clutch   Necr/Erth      0%         N/A       100%        5
 Freezing Cloud           Conj/Ice/Air   0%         6-21      100%        5
 Death Channel            Necr           0%         N/A       100%        6
 Summon Hydra             Summ           0%         N/A       100%        7


Dungeon Overview and Level Annotations

Branches:
Dungeon (8/15)             Temple (0/1) D:4         Ossuary (visited)
   Lair: D:8-11

Altars:
Elyvilon
Sif Muna
Trog
Uskayaw
Yredelemnul

Shops:
D:1 (   D:2 *   D:5 *

Annotations:
D:3 1 runed translucent door, Crazy Yiuf
D:7 2 transporters, flestrin's ghost, novice SpTm


Innate Abilities, Weirdness & Mutations

You have a pair of horns on your head.
You reflexively headbutt those who attack you in melee.


Message History

The orc wizard hits you but does no damage.
You hit the orc wizard.
You kill the orc wizard!
Reactivating autopickup.
Uskayaw prepares the audience for your solo!
The helpless basilisk fails to defend itself.
You impale the basilisk!! You headbutt the basilisk.
The basilisk is severely wounded.
The helpless basilisk fails to defend itself.
You impale the basilisk!!
You kill the basilisk!
The wyvern is no longer paralysed.
You hit the wyvern. You headbutt the wyvern.
The wyvern is moderately wounded.
The wyvern bites you but does no damage.
You barely miss the wyvern.
The wyvern is moderately wounded.
The wyvern bites you.
* * * LOW HITPOINT WARNING * * *
You hit the wyvern. You headbutt the wyvern!
The wyvern is heavily wounded.
The wyvern barely misses you.
You hit the wyvern but do no damage.
The wyvern is heavily wounded.
The wyvern bites you.
* * * LOW HITPOINT WARNING * * *
You hit the wyvern. You headbutt the wyvern.
The wyvern is almost dead.
The wyvern closely misses you.
You hit the wyvern.
You kill the wyvern!
Your Short Blades skill increases to level 8!
The wyvern bites you but does no damage.
You barely miss the wyvern. The wyvern bites you!
* * * LOW HITPOINT WARNING * * *
You hit the wyvern.
You headbutt the wyvern, but do no damage.
The wyvern is lightly wounded.
The wyvern bites you!
You die... ...# . ...# .. .PP

..$ ..# #.# .P..♣.. #.#
....... #.# ..P...†## #..
#.# .......†#####.#..# #.#
.....l.#Sl@.#.#..# #.#
......#l###.#.#..#######.#
.....S.#
##..............## ......#
##....###.##....... ...P##
#...### #.##.##.### .P#.
#...# #.##.##.# ### #...#
###.......# #...#
#.......###
#...###.#####.#####


You could see a basilisk, a water moccasin and a wyvern.

Vanquished Creatures
  Grinder (D:3)
  Sigmund (D:3)
  A wraith (D:8)
  A wyvern (D:8)
  4 yaks (D:8)
  A basilisk (D:8)
  4 water moccasins
  A sky beast (D:4)
  3 ice beasts
  A black bear (D:7)
  An orc warrior (D:7)
  A centaur (D:5)
  2 ogres
  3 phantoms
  A kobold brigand (D:7)
  3 bullfrogs
  3 scorpions
  2 water moccasin zombies (Ossuary)
  6 jellies
  2 orc priests
  3 hounds
  4 iguanas
  4 sleepcaps
  Terence (D:2)
  4 orc wizards
  2 mummies (Ossuary)
  4 adders
  6 gnolls
  2 white imps
  4 adder zombies (Ossuary)
  A worm (D:3)
  2 dart slugs
  19 orcs
  7 bats
  4 endoplasms
  3 giant cockroaches
  4 goblins
  4 hobgoblins
  2 jackals (D:3)
  12 kobolds
  2 quokkas
  5 ball pythons
  4 frilled lizards
  8 gnoll zombies (Ossuary)
  4 hobgoblin zombies (Ossuary)
  5 kobold zombies (Ossuary)
  5 orc zombies (Ossuary)
  4 rats
171 creatures vanquished.

Notes
Turn   | Place    | Note
-------+----------+-------------------------------------------
     0 | D:1      | Anon1729 the Minotaur Monk began the quest for the Orb.
     0 | D:1      | Reached XP level 1. HP: 19/19 MP: 0/0
    80 | D:1      | Found Binto's Weapon Boutique.
   140 | D:1      | Reached XP level 2. HP: 27/27 MP: 1/1
   761 | D:2      | Found Arreffick's Assorted Antiques.
   767 | D:2      | Reached skill level 1 in Armour
   767 | D:2      | Reached skill level 1 in Invocations
   778 | D:2      | Found a faded altar of an unknown god.
  1089 | D:2      | Reached XP level 3. HP: 33/33 MP: 2/2
  1161 | D:2      | Noticed Terence
  1195 | D:2      | Killed Terence
  1634 | D:3      | Found a basalt altar of Yredelemnul.
  1770 | D:3      | Found a runed translucent door.
  1771 | D:3      | Noticed Crazy Yiuf
  1793 | D:3      | Reached XP level 4. HP: 40/40 MP: 4/4
  1987 | D:3      | Noticed Sigmund
  1997 | D:3      | Killed Sigmund
  1998 | D:3      | Reached XP level 5. HP: 27/47 MP: 5/5
  2116 | D:3      | Noticed Grinder
  2128 | D:3      | Paralysed by Grinder for 2 turns
  2154 | D:3      | Killed Grinder
  2155 | D:3      | Reached skill level 5 in Fighting
  2155 | D:3      | Reached XP level 6. HP: 56/56 MP: 5/7
  2709 | D:2      | Bought a scroll labelled KIUDAG OMP for 23 gold pieces
  2709 | D:2      | Bought a scroll labelled SEAMYUD NUXAP for 23 gold pieces
  2709 | D:2      | Bought a scroll labelled GONEUS FILL for 23 gold pieces
  2709 | D:2      | Bought a scroll labelled SEAMYUD NUXAP for 23 gold pieces
  2709 | D:2      | Bought a scroll labelled AMNEMI VUNE for 23 gold pieces
  2709 | D:2      | Bought a glowing inky potion for 20 gold pieces
  2821 | D:4      | Noticed an ice beast
  2828 | D:4      | Killed an ice beast
  2829 | D:4      | Reached XP level 7. HP: 61/61 MP: 8/8
  2838 | D:4      | Reached skill level 5 in Short Blades
  2838 | D:4      | Reached skill level 5 in Dodging
  2858 | D:4      | Found a staircase to the Ecumenical Temple.
  3047 | D:4      | Found a white marble altar of Elyvilon.
  3539 | D:5      | Entered Level 5 of the Dungeon
  3808 | D:5      | Reached XP level 8. HP: 70/70 MP: 9/9
  3833 | D:5      | Found a bloodstained altar of Trog.
  3875 | D:5      | Found Fihiass's General Store.
  4147 | D:5      | Found a sand-covered staircase.
  4165 | Ossuary  | Entered an ossuary
  4185 | Ossuary  | Reached skill level 5 in Armour
  4507 | D:5      | Found a hide-covered altar of Uskayaw.
  4571 | D:5      | Became a worshipper of Uskayaw the Reveller
  4571 | D:5      | Reached * piety under Uskayaw
  4631 | D:5      | Bought a scroll of teleportation for 39 gold pieces
  4782 | D:5      | Reached ** piety under Uskayaw
  5164 | D:6      | Reached *** piety under Uskayaw
  5213 | D:6      | Reached **** piety under Uskayaw
  5441 | D:6      | Reached skill level 5 in Invocations
  5441 | D:6      | Reached XP level 9. HP: 70/79 MP: 11/11
  6019 | D:7      | Reached ***** piety under Uskayaw
  6281 | D:7      | Found a shimmering blue altar of Sif Muna.
  6642 | D:7      | Found a transporter.
  6644 | D:7      | Noticed flestrin's ghost (novice SpTm)
  6645 | D:7      | Identified the +7 great mace "Xoemef" {drain, Fly rElec
                  | rPois}
  6748 | D:7      | Found a transporter.
  6955 | D:8      | Reached XP level 10. HP: 21/90 MP: 9/13
  6961 | D:8      | Reached ****** piety under Uskayaw
  6969 | D:8      | Slain by a wyvern

Illustrated notes

Levels and vault maps discovered:
D:1:      dpeg_arrival_orchard, layout_loops_ring, serial_shops,
          nicolae_shop_bloodbath_and_beyond, st_stairs_11
D:2:      wad_lake_hut, layout_loops_ring, serial_shops, shop,
          hellmonk_ecumenical_altar_leap_of_faith,
          wander_ebering_terrifying_dragon_lair, uniq_terence
D:3:      layout_loops_corners, amcnicky_altar_gilded, grunt_ministairs_2,
          chequers_garden, st_stairs_1, uniq_sigmund, uniq_crazy_yiuf_cottage,
          uniq_grinder
D:4:      layout_cave_pools, marbit_many_paths, temple_fountains
D:5:      layout_loops_cross, lemuel_tele_altar,
          mainiacjoe_overflow_six_doors_small, chequers_ossuary_entry_cave,
          serial_shops, nicolae_inconvenience_store, minmay_misc_feat_alley,
          st_stairs_8
D:6:      layout_loops_ring
D:7:      layout_rooms, mainiacjoe_overflow_alcove_1, gammafunk_ghost_smash
D:8:      layout_loops_cross, nemelex_xobeh_ov_fountains_minmay,
          minmay_lair_entry_grove, gammafunk_ghost_icy

Skill      XL: |  1  2  3  4  5  6  7  8  9 10 |
---------------+-------------------------------+-----
Armour         | 1 2 3 4 6 7 |  7.7
Invocations    | 1 2 3 5 6 |  6.4
Fighting       | 4 5 6 7 8 |  8.7
Short Blades   | 4 5 6 7 8 |  8.0
Dodging        | 4 5 6 7 |  7.9

Action                     |  1- 3 |  4- 6 |  7- 9 | 10-12 || total
---------------------------+-------+-------+-------+-------++-------
  Melee: Short sword       |    73 |    70 |   349 |    12 ||   504
         Headbutt          |    12 |    13 |   114 |     6 ||   145
 Invoke: Stomp             |       |       |     2 |       ||     2
    Use: Potion            |     1 |     2 |       |       ||     3
         Scroll            |       |     3 |       |       ||     3
   Stab: Paralysed         |       |       |    12 |     2 ||    14
 Armour: Chain mail        |    31 |    25 |   127 |     3 ||   186
         Skin              |       |     8 |       |       ||     8
  Dodge: Dodged            |    29 |    22 |   141 |     2 ||   194

Table legend: (Time is in decaauts)
 A = Elapsed time spent in this place.
 B = Non-inter-level travel time spent in this place.
 C = Inter-level travel time spent in this place.
 D = Time resting spent in this place.
 E = Time spent auto-exploring this place.
 F = Levels seen in this place.
 G = Mean time per level.
                   A        B        C        D        E       F      G
               +--------+--------+--------+--------+--------+-----+--------+
         Total |   6863 |   6428 |    435 |     38 |   5486 |   9 |  762.6 |
       Dungeon |   6641 |   6206 |    435 |     38 |   5346 |   8 |  830.1 |
       Ossuary |    222 |    222 |      0 |      0 |    140 |   1 |  222.0 |
               +--------+--------+--------+--------+--------+-----+--------+

Top non-repeatable levels by time:
     D:3: 1262 daAuts
     D:5: 1182 daAuts
     D:6: 975 daAuts
     D:2: 921 daAuts
     D:7: 759 daAuts
     D:1: 713 daAuts
     D:4: 638 daAuts
 Ossuary: 222 daAuts
     D:8: 188 daAuts
